 Dungeon Crawl Stone Soup version 0.30-a0-760-g5a9884bb7c (webtiles) character file.

Game seed: 5106528703038065230

2081 mistaj the Grappler (level 9, 0/84 HPs)
             Began as a Troll Monk on Feb 10, 2023.
             Was a Believer of Ru.
             Slain by a hog (12 damage)
             ... on level 6 of the Dungeon.
             The game lasted 00:11:00 (5335 turns).

mistaj the Grappler (Troll Monk)                    Turns: 5335, Time: 00:11:01

Health: 0/84       AC:  5    Str: 23    XL:     9   Next: 6%
Magic:  8/8        EV:  9    Int:  8    God:    Ru [**....]
Gold:   226        SH: 10    Dex: 12    Spells: 8/8 levels left

rFire   . . .      SeeInvis .      - Unarmed
rCold   + . .      Faith    .    k - +0 kite shield
rNeg    . . .      Spirit   .    a - +0 robe
rPois   .          Reflect  .    (helmet restricted)
rElec   .          Harm     .    j - +0 cloak
rCorr   .          Rampage  .    (gloves unavailable)
Will    .....                    (boots unavailable)
Stlth   ++                       (no amulet)
HPRegen 1.14/turn                n - ring of protection from cold
MPRegen 0.11/turn                (no ring)

@: no status effects
A: large, unfitting armour, claws 3, regeneration 1, shaggy fur 1, tough skin 1,
inability to train armour, no conjurations magic, no hexes magic, no poison
magic
a: Renounce Religion


You were on level 6 of the Dungeon.
You worshipped Ru.
Ru was pleased with you.
You visited 2 branches of the dungeon, and saw 8 of its levels.
You also visited: Sewer.

You collected 282 gold pieces.
You spent 56 gold pieces at shops.

Inventory:

Hand Weapons
 q - a +3 whip
 x - a +0 flail of protection
Armour
 a - a +0 robe (worn)
 j - a +0 cloak (worn)
 k - a +0 kite shield (worn)
Jewellery
 n - a ring of protection from cold (left claw)
Wands
 d - a wand of flame (27)
 u - a wand of polymorph (8)
 z - a wand of quicksilver (4)
Scrolls
 i - 3 scrolls of blinking
 l - 3 scrolls of teleportation
 m - 2 scrolls of poison
 y - a scroll of magic mapping
Potions
 b - 3 potions of ambrosia
 c - 2 potions of haste
 e - 4 potions of resistance
 f - 3 potions of heal wounds
 g - a potion of brilliance {unknown}
 h - a potion of lignification {unknown}
 o - 2 potions of invisibility
 p - a potion of mutation {unknown}
 r - 3 potions of attraction {unknown}
 s - 2 potions of flight {unknown}
 t - 2 potions of curing {unknown}
 v - a potion of might
 w - 2 potions of magic {unknown}


   Skills:
 - Level 3.8 Fighting
 - Level 2.4 Dodging
 - Level 1.0 Stealth
 + Level 6.8 Shields
 + Level 9.0 Unarmed Combat


You had 8 spell levels left.
You didn't know any spells.
Your spell library contained the following spells:

 Spells                   Type           Power      Damage    Failure   Level
 Sublimation of Blood     Necr           0%         N/A       80%         2
 Wereblood                Tmut           0%         N/A       80%         2
 Gell's Gravitas          Tloc           0%         N/A       95%         3
 Teleport Other           Tloc           0%         N/A       95%         3
 Dispersal                Tloc           0%         N/A       100%        6
 Summon Hydra             Summ           0%         N/A       100%        7


Dungeon Overview and Level Annotations

Branches:
Dungeon (7/15)             Temple (1/1) D:4           Sewer (visited)

Altars:
Ashenzari
Dithmenos
Elyvilon
Fedhas
Gozag
Hepliaklqana
Kikubaaqudgha
Makhleb
Nemelex Xobeh
Okawaru
Qazlal
Ru
Sif Muna
Uskayaw
Vehumet
Wu Jian
Xom

Shops:
D:6 [   D:7 *

Annotations:
D:7 Pikel


Innate Abilities, Weirdness & Mutations

You are too large for most types of armour.
You have claws for hands.
Your natural rate of healing is unusually fast.
You are covered in fur. (AC +1)
You have tough skin. (AC +1)
You cannot train Armour skill.
You cannot study or cast Conjurations magic.
You cannot study or cast Hexes magic.
You cannot study or cast Poison magic.


Message History

You are too injured to fight recklessly!
You are too injured to fight recklessly!
You are too injured to fight recklessly!
You barely miss Dowan. You block the human's attack.
Dowan begins to cast a spell, but is stunned by your conviction!
You mangle Dowan!!
Dowan is almost dead.
Dowan gestures at you while chanting. The shard of ice misses you.
The human hits you with a +0 hand axe. Dowan gestures at you while chanting.
The stone arrow hits you!
You closely miss Dowan.
Dowan is almost dead.
The human barely misses you.
Dowan points at you and mumbles some strange words.
The shard of ice hits you! You partially resist.
* * * LOW HITPOINT WARNING * * *
You claw Dowan!
You kill Dowan!
The human hits you but does no damage. The human hits you with a +0 hand axe!
* * * LOW HITPOINT WARNING * * *
Items here: ! ) [ †.
You barely miss the human.
The human is heavily wounded.
You block the human's attack.
You claw the human!
The human is almost dead.
The human closely misses you.
You claw the human!
You kill the human!
Your Unarmed Combat skill increases to level 9!
You have reached level 9!
Your experience leads to an increase in your attributes!
Increase (S)trength, (I)ntelligence, or (D)exterity?
You feel stronger. x3
The yak attacks as you move away! The yak gores you.
* * * LOW HITPOINT WARNING * * *
The hog bites you!
You die...

###### #>)Y.# ############
####### #)##@# ##...........
#.....# #..h.## #......#.....
#.....## #..#..# #......#.....
#......# #..##.###......#.....
#......# #..##...#......#.(...
#......####..####.#......#.....
####'#.......#.......#####.....
##'#######...##.#### #.....
#.........#...#....### #.....


You could see a yak and a hog.

Vanquished Creatures
  A human (D:6)
  Duvessa (D:7)
  Edmund (D:6)
  A black bear (D:5)
  2 sky beasts
  2 phantoms
  A kobold brigand (Sewer)
  4 scorpions
  A necrophage (D:6)
  Dowan (D:6)
  A howler monkey (D:5)
  3 jellies (D:6)
  A gnoll bouda (Temple)
  2 hounds (D:4)
  2 orc priests (D:5)
  Crazy Yiuf (D:2)
  Jessica (D:2)
  2 orc wizards (D:5)
  2 iguanas
  Terence (D:2)
  Robin (D:2)
  8 gnolls
  3 river rats
  13 adders
  2 shadow imps
  A white imp (D:6)
  An ufetubus (D:5)
  3 worms
  3 dart slugs
  19 orcs
  9 ball pythons
  11 endoplasms
  16 goblins
  10 hobgoblins
  4 jackals (D:3)
  10 quokkas
  4 bats
  3 frilled lizards
  7 kobolds
  9 rats
168 creatures vanquished.

Vanquished Creatures (others)
  A hound (D:6)
1 creature vanquished.

Grand Total: 169 creatures vanquished

Notes
Turn   | Place    | Note
-------+----------+-------------------------------------------
     0 | D:1      | mistaj the Troll Monk began the quest for the Orb.
     0 | D:1      | Reached XP level 1. HP: 22/22 MP: 0/0
    69 | D:1      | Reached XP level 2. HP: 28/29 MP: 1/1
   204 | D:1      | Found a faded altar of an unknown god.
   445 | D:2      | Noticed Jessica
   459 | D:1      | Reached XP level 3. HP: 27/37 MP: 2/2
   475 | D:2      | Killed Jessica
   476 | D:2      | Reached skill level 4 in Unarmed Combat
   706 | D:2      | Noticed Robin
   718 | D:2      | Killed Robin
   719 | D:2      | Reached XP level 4. HP: 38/45 MP: 3/3
   790 | D:2      | Found a runed translucent door.
   791 | D:2      | Noticed Crazy Yiuf
   836 | D:2      | Noticed Terence
   843 | D:2      | Killed Terence
   850 | D:2      | Identified the +0 leather armour "Gerghir" {-Cast +Inv
                  | rElec}
   898 | D:2      | HP: 2/46 [Crazy Yiuf/+2 quarterstaff of chaos (1)]
   899 | D:2      | Killed Crazy Yiuf
   900 | D:2      | Reached XP level 5. HP: 3/54 MP: 4/4
  1224 | D:3      | Reached skill level 1 in Shields
  1396 | D:3      | Found a stormy altar of Qazlal.
  1538 | D:3      | Reached skill level 5 in Unarmed Combat
  1872 | D:4      | Found a glowing drain.
  1904 | Sewer    | Entered a sewer
  2015 | Sewer    | Reached XP level 6. HP: 44/62 MP: 5/5
  2550 | D:4      | Found a staircase to the Ecumenical Temple.
  2563 | Temple   | Entered the Ecumenical Temple
  2646 | Temple   | Became a worshipper of Ru the Awakened
  2663 | Temple   | Gained mutation: You cannot train Armour skill. [Ru
                  | sacrifice]
  2663 | Temple   | Reached * piety under Ru
  2785 | D:4      | Reached skill level 6 in Unarmed Combat
  2906 | D:4      | Reached XP level 7. HP: 43/68 MP: 6/6
  3467 | D:5      | Entered Level 5 of the Dungeon
  3741 | D:5      | Found a shimmering blue altar of Sif Muna.
  3741 | D:5      | Found a hazy altar of Hepliaklqana.
  4132 | D:5      | Found an ancient bone altar of Kikubaaqudgha.
  4137 | D:5      | Reached skill level 7 in Unarmed Combat
  4167 | D:5      | Found an iron altar of Okawaru.
  4231 | D:5      | Reached XP level 8. HP: 75/78 MP: 7/7
  4408 | D:6      | Reached skill level 5 in Shields
  4484 | D:6      | Found a radiant altar of Vehumet.
  4642 | D:6      | Reached skill level 8 in Unarmed Combat
  4670 | D:6      | Found Denkevva's Antique Armour Boutique.
  4906 | D:6      | Noticed Edmund
  4917 | D:6      | Killed Edmund
  4965 | D:6      | Found a broken altar of Ashenzari.
  4992 | D:7      | Found Loffoidd's Assorted Antiques.
  5000 | D:7      | Bought 2 scrolls labelled RABYJES RESAZ for 56 gold pieces
  5045 | D:7      | Gained mutation: You cannot study or cast Poison magic. [Ru
                  | sacrifice]
  5045 | D:7      | Gained mutation: You cannot study or cast Hexes magic. [Ru
                  | sacrifice]
  5045 | D:7      | Gained mutation: You cannot study or cast Conjurations
                  | magic. [Ru sacrifice]
  5045 | D:7      | Reached ** piety under Ru
  5092 | D:7      | Noticed Pikel
  5305 | D:7      | Noticed Duvessa
  5305 | D:7      | Noticed Dowan
  5322 | D:7      | Killed Duvessa
  5329 | D:6      | Killed Dowan
  5334 | D:6      | Reached skill level 9 in Unarmed Combat
  5334 | D:6      | Reached XP level 9. HP: 14/84 MP: 8/8
  5335 | D:6      | Slain by a hog

Illustrated notes

Levels and vault maps discovered:
D:1:      minmay_arrival_hallway, layout_rooms,
          hellmonk_ecumenical_altar_run_dry
D:2:      layout_rooms, minivault_23, uniq_robin, uniq_crazy_yiuf_cottage,
          uniq_jessica, uniq_terence
D:3:      layout_basic, nicolae_qazlal_eye_of_the_storm, st_stairs_9
D:4:      layout_basic, minmay_temple_entry_crystal_x,
          cheibrodos_sewer_entry_sluice,
          hangedman_abyss_or_decor_jellyfish_corner, serial_bayou_pond_e
D:5:      layout_loops_cross, gammafunk_temple_overflow_elements,
          kennysheep_okawaru_gauntlet, mainiacjoe_overflow_alcove_2
D:6:      layout_basic, mainiacjoe_overflow_big_doors, serial_shops, shop,
          uniq_edmund
D:7:      layout_basic, serial_shops, nicolae_shop_stone, grunt_livestock,
          nicolae_shop_sticking_my_neck_out, uniq_duvessa, uniq_pikel
Temple:   cyrus_temple_forest

Skill      XL: |  1  2  3  4  5  6  7  8 |
---------------+-------------------------+-----
Fighting       | 3 |  3.8
Unarmed Combat | 4 5 6 7 9 |  9.0
Shields        | 2 3 4 6 |  6.8
Dodging        | |  2.4
Stealth        | |  1.0

Action                     |  1- 3 |  4- 6 |  7- 9 || total
---------------------------+-------+-------+-------++-------
  Melee: Unarmed           |    67 |   247 |   186 ||   500
         Punch             |     2 |     2 |       ||     4
 Invoke: Sacrifice Durabil |       |     1 |       ||     1
         Sacrifice Arcana  |       |       |     1 ||     1
    Use: Scroll            |     1 |     5 |     3 ||     9
   Stab: Sleeping          |     4 |     7 |     2 ||    13
         Confused          |       |       |     1 ||     1
 Armour: Robe              |    25 |    62 |    31 ||   118
         Skin              |       |       |    10 ||    10
  Dodge: Dodged            |    39 |    88 |    70 ||   197
  Block: Kite shield       |       |    69 |    49 ||   118

Table legend: (Time is in decaauts)
 A = Elapsed time spent in this place.
 B = Non-inter-level travel time spent in this place.
 C = Inter-level travel time spent in this place.
 D = Time resting spent in this place.
 E = Time spent auto-exploring this place.
 F = Levels seen in this place.
 G = Mean time per level.
                   A        B        C        D        E       F      G
               +--------+--------+--------+--------+--------+-----+--------+
         Total |   5333 |   5196 |    137 |    702 |   2983 |   9 |  592.6 |
       Dungeon |   4646 |   4531 |    115 |    668 |   2640 |   7 |  663.7 |
        Temple |    149 |    127 |     22 |     34 |      0 |   1 |  149.0 |
         Sewer |    538 |    538 |      0 |      0 |    343 |   1 |  538.0 |
               +--------+--------+--------+--------+--------+-----+--------+

Top non-repeatable levels by time:
     D:4: 959 daAuts
     D:5: 882 daAuts
     D:6: 785 daAuts
     D:3: 758 daAuts
     D:2: 637 daAuts
   Sewer: 538 daAuts
     D:1: 456 daAuts
     D:7: 167 daAuts
  Temple: 149 daAuts
